 Dungeon Crawl Stone Soup version 0.30-a0-883-g5ad918d77d (webtiles) character file.

Game seed: 14491526296518244596

620 Nick1 the Scholar of Death (level 7, -14/47 HPs)
             Began as a Demonspawn Necromancer on Mar 4, 2023.
             Was a Follower of Kikubaaqudgha.
             Demolished by a two-headed ogre
             ... wielding a +0 giant spiked club
              (18 damage)
             ... on level 5 of the Dungeon on Mar 17, 2023.
             The game lasted 00:35:40 (4416 turns).

Nick1 the Scholar of Death (Demonspawn Necromancer) Turns: 4416, Time: 00:35:42

Health: -14/47     AC:  8    Str:  8    XL:     7   Next: 22%
Magic:  2/13       EV: 12    Int: 18    God:    Kikubaaqudgha [*.....]
Gold:   262        SH:  0    Dex: 14    Spells: 3/14 levels left

rFire   . . .      SeeInvis .    c - +0 dagger
rCold   . . .      Faith    .    (no shield)
rNeg    . . .      Spirit   .    a - +0 robe
rPois   .          Reflect  .    (helmet restricted)
rElec   +          Rampage  .    (no cloak)
rCorr   +                        r - +1 pair of gloves
Will    .....                    (no boots)
Stlth   ++                       (no amulet)
HPRegen 0.27/turn                l - ring of flight
MPRegen 0.13/turn                q - ring of resist corrosion

@: animating dead, flying
A: horns 1, thin metallic scales 3, foul stench 1
a: Renounce Religion, Unearth Wretches


You were on level 5 of the Dungeon.
You worshipped Kikubaaqudgha.
Kikubaaqudgha was aware of your devotion.
You visited 2 branches of the dungeon, and saw 6 of its levels.
You also visited: Sewer.

You collected 262 gold pieces.

Inventory:

Hand Weapons
 c - a +0 dagger (weapon)
Armour
 a - a +0 robe (worn)
 r - a +1 pair of gloves (worn)
 v - a +1 pair of gloves
Jewellery
 g - a ring of positive energy
 l - a ring of flight (left hand)
 n - a ring of protection from fire
 q - a ring of resist corrosion (right hand)
 u - a ring of ice
Scrolls
 e - 2 scrolls of amnesia
 j - a scroll of poison {unknown}
 s - a scroll of teleportation {unknown}
 w - a scroll of fear {unknown}
 x - a scroll of blinking {unknown}
Potions
 b - a potion of cancellation
 f - 3 potions of curing
 h - a potion of haste
 i - a potion of berserk rage
 k - a potion of might {unknown}
 m - a potion of attraction {unknown}
 o - 2 potions of heal wounds
 p - 2 potions of lignification
 t - a potion of degeneration {unknown}


   Skills:
 + Level 0.7 Fighting
 + Level 0.6 Short Blades
 * Level 2.8 Dodging
 * Level 2.9 Stealth
 * Level 4.3 Spellcasting
 * Level 7.3 Necromancy


You had 3 spell levels left.
You knew the following spells:

 Your Spells              Type           Power      Damage    Failure   Level
a - Necrotise             Necr           100%       1d9       1%          1
b - Vampiric Draining     Necr           30%        2d8       2%          3
c - Cigotuvi's Dreadful   Necr/Pois/Air  24%        N/A       8%          2
d - Kiss of Death         Conj/Necr      68%        2d10      3%          1
e - Animate Dead          Necr           30%        N/A       7%          4

Your spell library contained the following spells:

 Spells                   Type           Power      Damage    Failure   Level
 Sublimation of Blood     Necr           30%        N/A       1%          2
 Foxfire                  Conj/Fire      12%        2x1d4     14%         1
 Call Imp                 Summ           3%         N/A       22%         2
 Poisonous Vapours        Pois/Air       6%         N/A       22%         2
 Confusing Touch          Hex            3%         N/A       38%         3
 Hailstorm                Conj/Ice       3%         3d3       38%         3
 Mephitic Cloud           Conj/Pois/Air  3%         N/A       38%         3
 Dispel Undead            Necr           30%        3d14      7%          4
 Agony                    Necr           30%        N/A       21%         5
 Animate Armour           Summ/Erth      6%         N/A       80%         4
 Ice Form                 Ice/Tmut       3%         N/A       80%         4
 Fireball                 Conj/Fire      1%         3d3       98%         5
 Simulacrum               Ice/Necr       8%         N/A       99%         6
 Dispersal                Tloc           1%         N/A       100%        6
 Starburst                Conj/Fire      1%         6d3       100%        6


Dungeon Overview and Level Annotations

Branches:
Dungeon (5/15)             Temple (1/1) D:4           Sewer (visited)

Altars:
Cheibriados
Dithmenos
Fedhas
Gozag
Hepliaklqana
Kikubaaqudgha
Makhleb
Nemelex Xobeh
Okawaru
Qazlal
Ru
Sif Muna
Trog
Uskayaw
Vehumet
Wu Jian
Xom
Yredelemnul

Annotations:
D:4 3 runed translucent doors, cforsyth's ghost, amateur KoBr


Innate Abilities, Weirdness & Mutations

You have a pair of small horns on your head.
You are completely covered in thin metallic scales. (AC +4, rElec)
You may rarely emit foul miasma when damaged in melee.


Message History

The orc hits your orc zombie with a +0 whip.
Your orc zombie completely misses the orc.
Your orc zombie hits the orc.
Casting: Vampiric Draining (dangerous; 2% risk of failure)
Confirm with . or Enter, or press ? or * to list all spells.
Aiming: Vampiric Draining (dangerous; 2% risk of failure)
Press: ? - help, Shift-Dir - straight line, f/p - two-headed ogre
Aim: a two-headed ogre, wielding two +0 giant spiked clubs (heavily wounded)
You draw life force from the two-headed ogre.
You feel life coursing into your body.
Your orc zombie hits the two-headed ogre.
The two-headed ogre hits your orc zombie with a +0 giant spiked club!!
Your orc zombie is destroyed!
Your orc zombie hits the two-headed ogre.
You barely miss the two-headed ogre.
The two-headed ogre is heavily wounded.
The orc barely misses you.
You barely miss the two-headed ogre. You headbutt the two-headed ogre.
The two-headed ogre is severely wounded.
The two-headed ogre hits you with a +0 giant spiked club!
The two-headed ogre closely misses you. The orc hits you with a +0 whip.
Your orc zombie hits the two-headed ogre but does no damage.
You hit the two-headed ogre.
You headbutt the two-headed ogre, but do no damage.
The two-headed ogre is severely wounded.
The orc closely misses you.
Your orc zombie hits the two-headed ogre.
The two-headed ogre hits your orc zombie with a +0 giant spiked club!
Your orc zombie is destroyed!
You hit the two-headed ogre. You headbutt the two-headed ogre.
The two-headed ogre is almost dead.
The orc closely misses you.
You completely miss the two-headed ogre.
The two-headed ogre is almost dead.
The orc misses you.
The two-headed ogre hits you with a +0 giant spiked club!
* * * LOW HITPOINT WARNING * * *
The two-headed ogre hits you with a +0 giant spiked club!!
You die...
Kikubaaqudgha rasps: "You have failed me!
Welcome... death!"

.####....#.......# #..###
.........#....##.# #.##
...##....<..#.##.## #.#
...##.......#.....# ########.#
..###.......####..# #........###
......#.....# #..# #...#.#..).##
..###.#..##.# #..###..##~######~
..##.....##.####.......#~~~#~~~~~
.......###......@......#~~~#~~#~~
...##.. ........Oo.....##~##~~##~
......# ##...[.)....<...#~#~~~~#~
....#.## #....|)........#~#~~.~#~
.......####.##.........##~##~~##~
........>..............#~~~####~~
.......###.............#~~~~~~~~~
.......................##~######~
.........#.###........).### ##


You could see a two-headed ogre and an orc.

Vanquished Creatures
  An ogre (D:4)
  A centaur (D:5)
  2 bullfrogs (Sewer)
  A jelly (D:4)
  Natasha (thrice) (D:2)
  Robin (D:3)
  7 adders
  A river rat (D:5)
  A white imp (D:4)
  A dart slug (D:1)
  9 orcs
  5 bats
  6 endoplasms
  13 giant cockroaches
  11 goblins
  8 hobgoblins
  8 quokkas
  7 ball pythons
  12 frilled lizards
  6 kobolds
  7 rats
111 creatures vanquished.

Vanquished Creatures (collateral kills)
  An adder (Sewer)
  A dart slug (D:1)
  A bat (D:3)
  2 giant cockroaches
  2 ball pythons
  A frilled lizard (Sewer)
  A rat (D:2)
9 creatures vanquished.

Vanquished Creatures (others)
  3 orc zombies (D:5)
  3 fungi (D:4)
  A plant (D:4)
7 creatures vanquished.

Grand Total: 127 creatures vanquished

Notes
Turn   | Place    | Note
-------+----------+-------------------------------------------
     0 | D:1      | Nick1 the Demonspawn Necromancer began the quest for the
                  | Orb.
     0 | D:1      | Reached XP level 1. HP: 13/13 MP: 3/3
   161 | D:1      | Gained mutation: You are partially covered in thin metallic
                  | scales. (AC +2) [demonic ancestry]
   161 | D:1      | Reached XP level 2. HP: 19/19 MP: 3/5
   417 | D:2      | Reached skill level 5 in Necromancy
   515 | D:2      | Gained mutation: You are mostly covered in thin metallic
                  | scales. (AC +3) [demonic ancestry]
   515 | D:2      | Reached XP level 3. HP: 24/24 MP: 1/6
   535 | D:2      | Learned a level 3 spell: Vampiric Draining
   575 | D:2      | Learned a level 2 spell: Cigotuvi's Dreadful Rot
   833 | D:2      | Noticed Natasha
   850 | D:2      | Killed Natasha
   851 | D:2      | Reached XP level 4. HP: 6/30 MP: 0/7
   959 | D:2      | Noticed Natasha
   962 | D:2      | Killed Natasha
  1127 | D:2      | Noticed Natasha
  1132 | D:2      | Killed Natasha
  1133 | D:2      | Reached skill level 6 in Necromancy
  1365 | D:3      | Gained mutation: You are completely covered in thin
                  | metallic scales. (AC +4, rElec) [demonic ancestry]
  1365 | D:3      | Reached XP level 5. HP: 25/35 MP: 5/8
  1493 | D:3      | Got the Omnibus of Accomplices and Coordinates
  1657 | D:3      | Noticed Robin
  1700 | D:3      | Killed Robin
  1833 | D:3      | Learned a level 1 spell: Kiss of Death
  2150 | D:4      | Found a staircase to the Ecumenical Temple.
  2163 | Temple   | Entered the Ecumenical Temple
  2423 | Temple   | Became a worshipper of Kikubaaqudgha
  2896 | D:4      | Found a runed translucent gate.
  2897 | D:4      | Found a runed translucent gate.
  2898 | D:4      | Found a runed translucent gate.
  2900 | D:4      | Noticed cforsyth's ghost (amateur KoBr)
  2993 | D:4      | Noticed an ogre
  3024 | D:4      | Killed an ogre
  3025 | D:4      | Gained mutation: You may rarely emit foul miasma when
                  | damaged in melee. [demonic ancestry]
  3025 | D:4      | Reached XP level 6. HP: 24/42 MP: 0/11
  3496 | D:5      | Entered Level 5 of the Dungeon
  3711 | D:5      | Noticed a two-headed ogre
  3879 | D:5      | Found a glowing drain.
  3888 | Sewer    | Entered a sewer
  3939 | Sewer    | Reached skill level 7 in Necromancy
  4115 | Sewer    | Upgraded the game from 0.30-a0-852-g08b95dd62f to
                  | 0.30-a0-883-g5ad918d77d
  4119 | Sewer    | Reached * piety under Kikubaaqudgha
  4119 | Sewer    | Received a gift from Kikubaaqudgha
  4181 | Sewer    | Gained mutation: You have a pair of small horns on your
                  | head. [demonic ancestry]
  4181 | Sewer    | Reached XP level 7. HP: 31/47 MP: 5/13
  4358 | D:5      | Learned a level 4 spell: Animate Dead
  4416 | D:5      | Demolished by a two-headed ogre

Illustrated notes

Levels and vault maps discovered:
D:1:      lemuel_arrival_broad_hall, layout_basic
D:2:      layout_loops_corners, minmay_fractal_squares_5, uniq_natasha
D:3:      layout_basic, hex_intersection, chequers_serial_rivers_small_b,
          chequers_serial_rivers_micro_c, hangedman_decor_diamond_cutter,
          uniq_robin
D:4:      layout_cave_pods, minmay_temple_entry_grid,
          gammafunk_ghost_nasty_kobolds, hangedman_minor_gate_pass
D:5:      layout_rooms, gup_sewer_entry_bubbles
Temple:   mainiacjoe_temple_starburst

Skill      XL: |  1  2  3  4  5  6 |
---------------+-------------------+-----
Stealth        | 2 |  2.9
Necromancy     | 5 6 7 |  7.3
Dodging        | 2 |  2.8
Spellcasting   | 3 4 |  4.3
Fighting       | |  0.7
Short Blades   | |  0.6

Action                     |  1- 3 |  4- 6 |  7- 9 || total
---------------------------+-------+-------+-------++-------
  Melee: Dagger            |    80 |   153 |    24 ||   257
         Punch             |     2 |     1 |       ||     3
         Headbutt          |       |       |    11 ||    11
   Cast: Necrotise         |    42 |    92 |     7 ||   141
         Vampiric Draining |     2 |     5 |     3 ||    10
         Cigotuvi's Dreadf |       |     1 |       ||     1
         Animate Dead      |       |       |     1 ||     1
    Use: Potion            |     1 |     1 |       ||     2
         Scroll            |       |     1 |     5 ||     6
   Stab: Sleeping          |     2 |     3 |       ||     5
 Armour: Robe              |    23 |    75 |    10 ||   108
  Dodge: Dodged            |    44 |   123 |    25 ||   192

Table legend: (Time is in decaauts)
 A = Elapsed time spent in this place.
 B = Non-inter-level travel time spent in this place.
 C = Inter-level travel time spent in this place.
 D = Time resting spent in this place.
 E = Time spent auto-exploring this place.
 F = Levels seen in this place.
 G = Mean time per level.
                   A        B        C        D        E       F      G
               +--------+--------+--------+--------+--------+-----+--------+
         Total |   4466 |   4297 |    169 |    131 |   2296 |   7 |  638.0 |
       Dungeon |   3396 |   3282 |    114 |    131 |   1469 |   5 |  679.2 |
        Temple |    599 |    544 |     55 |      0 |    531 |   1 |  599.0 |
         Sewer |    470 |    470 |      0 |      0 |    296 |   1 |  470.0 |
               +--------+--------+--------+--------+--------+-----+--------+

Top non-repeatable levels by time:
     D:4: 1125 daAuts
     D:2: 977 daAuts
     D:3: 612 daAuts
  Temple: 599 daAuts
   Sewer: 470 daAuts
     D:1: 407 daAuts
     D:5: 274 daAuts
